 Dungeon Sprint DCSS version 0.22-a0-402-ga933591907 (webtiles) character file.

35812 Hephaistos the Phalangite (level 13, -6/128 HPs)
             Began as a Centaur Berserker on May 6, 2018.
             Was the Champion of Trog.
             Mangled by a golden dragon (illusionary) (14 damage)
             ... in the Dungeon (Sprint IX: "|||||||||||||||||||||||||||||").
             The game lasted 00:08:02 (3640 turns).

Hephaistos the Phalangite (Centaur Berserker)       Turns: 3640, Time: 00:08:02

Health: -6/128     AC: 29    Str: 24    XL:     13   Next: 49%
Magic:  13/13      EV:  5    Int: 11    God:    Trog [******]
Gold:   1494       SH:  0    Dex: 13    Spells: 12/12 levels left

rFire    . . .     SeeInvis .   b - +7 glaive "Fuet" {flame, rElec Stlth+}
rCold    . . .     Gourm    .   (shield currently unavailable)
rNeg     . . .     Faith    .   J - +2 plate armour
rPois    .         Spirit   .   C - +1 hat {Int+3}
rElec    +         Reflect  .   B - +0 cloak
rCorr    .         Harm     .   L - +1 pair of gloves
MR       .....     NoTele   +   K - +1 centaur barding
Stlth    ..........             (no amulet)
HPRegen  0.31/turn              r - +2 ring of protection
MPRegen  0.13/turn              q - +3 ring of strength

@: lethally poisoned (-6 -> -60), berserk cooldown, very quick
A: large, hooves 3, slimy green scales 1, clever 1, deformed body, speed 2,
tough skin 3
a: Berserk, Trog's Hand, Brothers in Arms, Renounce Religion


You were in the Dungeon.
You worshipped Trog.
Trog was exalted by your worship.
You were not hungry.

You visited 1 branch You collected 1909 gold pieces.
You spent 415 gold pieces at shops.

Inventory:

Hand Weapons
 a - a +0 longbow of flaming
 b - the +7 glaive "Fuet" (weapon) {flame, rElec Stlth+}
   (Trog gifted it to you in the Dungeon)

   It has been specially enchanted to burn those struck by it, causing extra
   injury to most foes and up to half again as much damage against particularly
   susceptible opponents.
   Big, fiery blades are also staple armaments of hydra-hunters.
   It insulates you from electricity.
   It makes you more stealthy.
 n - a +2 halberd of venom
 p - a +1 triple crossbow of flaming
 y - the +11 shortbow "Muicheynou" {velocity, rF+ Dex+4 Stlth+}
   (Trog gifted it to you in the Dungeon)

   Any arrow fired from it inflicts extra damage.
   It affects your dexterity (+4).
   It protects you from fire.
   It makes you more stealthy.
 D - the +5 arbalest of Fragile Peace {penet, rPois rN+ Int-5}
   (You bought it in a shop in the Dungeon)

   Ammo fired by it will pass through the targets it hits, potentially hitting
   all targets in its path until it reaches maximum range.
   It affects your intelligence (-5).
   It protects you from poison.
   It protects you from negative energy.
Missiles
 o - 166 bolts
 z - 190 arrows
Armour
 B - a +0 cloak (worn)
 C - a +1 hat of intelligence (worn)
 J - a +2 plate armour (worn)
 K - a +1 centaur barding (worn)
 L - a +1 pair of gloves (worn)
Jewellery
 q - a +3 ring of strength (right hand)
 r - a +2 ring of protection (left hand)
 A - an uncursed ring of ice
 G - an uncursed ring of protection from fire
 H - an uncursed ring of protection from cold
 I - an uncursed ring of protection from magic
Wands
 l - a wand of iceblast (10)
 F - a wand of enslavement (5)
Scrolls
 i - 3 scrolls of blinking
 k - 3 scrolls of remove curse
 m - 2 scrolls of identify
 s - 6 scrolls of enchant armour
 v - 6 scrolls of enchant weapon
 w - a scroll of fear
Potions
 d - 7 potions of curing
 e - 4 potions of heal wounds
 f - 2 potions of haste
 g - 4 potions of magic
 h - a potion of berserk rage
 j - a potion of invisibility
 t - a potion of brilliance
 u - 6 potions of might
 E - a potion of agility
Comestibles
 c - 9 rations


   Skills:
 + Level 15.9 Fighting
 + Level 21.2 Polearms
 - Level 12.6 Bows
 * Level 15.8 Crossbows
 + Level 9.4 Armour
 + Level 5.0 Dodging


You had 12 spell levels left.
You didn't know any spells.

Dungeon Overview and Level Annotations

Branches:
Dungeon (1/1)

Altars:
Cheibriados
Dithmenos
Elyvilon
Fedhas
Gozag
Hepliaklqana
Kikubaaqudgha
Makhleb
Nemelex Xobeh
Okawaru
Qazlal
Ru
Sif Muna
Trog
Uskayaw
Vehumet
Wu Jian
Xom
Yredelemnul
Zin
The Shining One
Beogh
Jiyva
Lugonu

Shops:
D !((:


Innate Abilities, Weirdness & Mutations

You have hooves in place of feet.
Armour fits poorly on your strangely shaped body.
You cover ground very quickly.
You have extremely tough skin. (AC +3)
You are partially covered in slimy green scales. (AC +2)
Your mind is acute. (Int +2)


Message History

* * * LOW HITPOINT WARNING * * *
The golden dragon tramples you but does no damage.
You feel much better.
You are engulfed in poison gas.
You are more poisoned.
* * * LOW HITPOINT WARNING * * *
x2 You feel extremely sick.
The golden dragon barely misses you. The golden dragon claws you.
* * * LOW HITPOINT WARNING * * *
The golden dragon tramples you but does no damage.
A shadow dragon comes into view.
Your cyclops goes berserk!
You feel quite a bit more hungry.
You feel yourself speed up.
* * * LOW HITPOINT WARNING * * *
You feel extremely sick.
The rakshasa blinks!
The golden dragon barely misses you.
The golden dragon claws you but does no damage.
The golden dragon tramples you but does no damage.
The golden dragon bites you!
You die...

[[[[[[.))))))))...=.'.........▓
▓▓▓▓▓▓▓▓▓▓▓▓▓▓▓▓▓▓▓▓▓▓▓▓▓▓▓▓▓▓▓
..............................▓
▓▓▓▓▓♣♣♣♣♣♣♣♣♣♣▓▓▓▓▓▓▓▓▓▓▓▓▓▓.▓
....)......[..)...............▓
▓▓▓▓▓♣♣♣♣♣♣♣♣♣♣▓▓▓▓▓▓▓▓▓▓▓▓▓▓▓▓
..............................▓
▓▓▓▓▓▓▓▓▓▓▓▓▓▓▓▓▓▓▓▓▓▓▓▓▓▓▓▓▓.▓
VR...)R[D(VDD@C............▓
▓▓▓▓▓▓▓▓▓▓▓▓▓▓▓▓▓▓▓▓▓▓▓▓▓▓▓▓


You could see a shadow dragon, 2 golden dragons, a rakshasa, a vampire mage and
a friendly cyclops (berserk).

Vanquished Creatures
  Gastronok (D)
  A nagaraja (D)
  A very ugly thing (D)
  An ettin (D)
  A yaktaur captain (D)
  A ghost crab (D)
  3 centaur warriors (D)
  A merfolk aquamancer (D)
  A death yak (D)
  2 naga sharpshooters (D)
  Urug (D)
  3 orc high priests (D)
  A sea snake (D)
  A naga ritualist (D)
  A glowing orange brain (D)
  3 orc knights (D)
  A swamp dragon (D)
  2 manticores (D)
  5 orc sorcerers (D)
  2 wolf spiders (D)
  A cyclops (D)
  A moth of wrath (D)
  Maurice (D)
  2 black mambas (D)
  3 naga magi (D)
  A torpor snail (D)
  A water nymph (D)
  A gargoyle (D)
  6 spiny frogs (D)
  A komodo dragon (D)
  A freezing wraith (D)
  A yaktaur (D)
  A demonic crawler (D)
  An efreet (D)
  A jumping spider (D)
  A merfolk (D)
  2 tyrant leeches (D)
  2 blink frogs (D)
  A bog body (D)
  2 hippogriffs (D)
  A tarantella (D)
  A yak (D)
  2 redbacks (D)
  2 wyverns (D)
  3 vampire mosquitoes (D)
  A water moccasin (D)
  4 porcupines (D)
  6 orc warriors (D)
  2 sky beasts (D)
  2 ogres (D)
  5 crocodiles (D)
  4 bullfrogs (D)
  A crimson imp (D)
  A jelly (D)
  8 orc priests (D)
  An iguana (D)
  4 orc wizards (D)
  3 adders (D)
  An ooze (D)
  An adder zombie (D)
  A dart slug (D)
  A leopard gecko (D)
  10 orcs (D)
  A bat (D)
  A hobgoblin (D)
  A jackal (D)
  A ball python skeleton (D)
  A kobold (D)
134 creatures vanquished.

Vanquished Creatures (collateral kills)
  A tengu reaver (D)
  A frost giant (D)
  A stone giant (D)
  A fire dragon (D)
  A centaur warrior (D)
  An ice dragon (D)
  A deep troll earth mage (D)
  A tengu warrior (D)
  A cyclops (D)
  A merfolk (D)
  A hippogriff (D)
11 creatures vanquished.

Vanquished Creatures (others)
  An alligator (D)
  A hornet (D)
  A swamp drake (D)
3 creatures vanquished.

Grand Total: 148 creatures vanquished

Notes
Turn   | Place    | Note
-------+----------+-------------------------------------------
     0 | D        | Hephaistos the Centaur Berserker began the quest for the Orb.
     0 | D        | Reached XP level 1. HP: 19/19 MP: 1/1
     6 | D        | Reached skill level 3 in Polearms
    15 | D        | Reached ** piety under Trog
    15 | D        | Reached skill level 4 in Polearms
    16 | D        | Reached XP level 2. HP: 20/26 MP: 2/2
    94 | D        | Noticed a sky beast
    96 | D        | Reached skill level 5 in Polearms
   100 | D        | Reached *** piety under Trog
   101 | D        | Reached skill level 6 in Polearms
   101 | D        | Reached XP level 3. HP: 31/31 MP: 3/3
   110 | D        | Killed a sky beast
   110 | D        | Reached skill level 9 in Polearms
   110 | D        | Reached XP level 4. HP: 38/38 MP: 4/4
   147 | D        | Found a roughly hewn altar of Beogh.
   147 | D        | Found a snail-covered altar of Cheibriados.
   147 | D        | Found a shadowy altar of Dithmenos.
   147 | D        | Found a white marble altar of Elyvilon.
   147 | D        | Found a blossoming altar of Fedhas.
   147 | D        | Found an opulent altar of Gozag.
   148 | D        | Found a hazy altar of Hepliaklqana.
   149 | D        | Found a viscous altar of Jiyva.
   150 | D        | Found an ancient bone altar of Kikubaaqudgha.
   151 | D        | Found a corrupted altar of Lugonu.
   152 | D        | Found a burning altar of Makhleb.
   153 | D        | Found a sparkling altar of Nemelex Xobeh.
   154 | D        | Found an iron altar of Okawaru.
   155 | D        | Found a stormy altar of Qazlal.
   156 | D        | Found a sacrificial altar of Ru.
   157 | D        | Found a deep blue altar of Sif Muna.
   158 | D        | Found a bloodstained altar of Trog.
   159 | D        | Found a hide-covered altar of Uskayaw.
   160 | D        | Found a radiant altar of Vehumet.
   161 | D        | Found an ornate altar of the Wu Jian Council.
   162 | D        | Found a shimmering altar of Xom.
   163 | D        | Found a basalt altar of Yredelemnul.
   164 | D        | Found a glowing silver altar of Zin.
   165 | D        | Found a glowing golden altar of the Shining One.
   220 | D        | Noticed a wyvern
   220 | D        | Noticed an ogre
   224 | D        | Reached **** piety under Trog
   224 | D        | Reached XP level 5. HP: 46/46 MP: 5/5
   228 | D        | Killed an ogre
   228 | D        | Reached skill level 5 in Fighting
   228 | D        | Reached skill level 10 in Polearms
   232 | D        | Killed a wyvern
   232 | D        | Reached skill level 11 in Polearms
   232 | D        | Reached XP level 6. HP: 55/58 MP: 6/6
   234 | D        | Reached ***** piety under Trog
   342 | D        | Noticed a manticore
   342 | D        | Noticed a sky beast
   353 | D        | Killed a manticore
   353 | D        | Reached skill level 12 in Polearms
   353 | D        | Reached XP level 7. HP: 69/69 MP: 7/7
   361 | D        | Received a gift from Trog
   366 | D        | Reached XP level 8. HP: 49/78 MP: 8/8
   374 | D        | Got a smoking glaive {god gift}
   375 | D        | Identified the +7 glaive "Fuet" {flame, rElec Stlth+} (Trog gifted it to you in the Dungeon)
   576 | D        | Gained mutation: Your mind is acute. (Int +2) [potion of mutation]
   576 | D        | Gained mutation: You are partially covered in slimy green scales. (AC +2) [potion of mutation]
   589 | D        | Noticed a hippogriff
   589 | D        | Noticed a komodo dragon
   593 | D        | Reached skill level 13 in Polearms
   594 | D        | Noticed a spiny frog
   595 | D        | Killed a komodo dragon
   596 | D        | Received a gift from Trog
   598 | D        | Noticed a blink frog
   599 | D        | Reached skill level 10 in Fighting
   601 | D        | Killed a hippogriff
   601 | D        | Reached skill level 14 in Polearms
   602 | D        | Killed a spiny frog
   602 | D        | Reached XP level 9. HP: 86/86 MP: 9/9
   650 | D        | Noticed a spiny frog
   650 | D        | Noticed a spiny frog
   653 | D        | Reached skill level 1 in Bows
   653 | D        | Reached skill level 5 in Armour
   656 | D        | Reached ****** piety under Trog
   656 | D        | Received a gift from Trog
   659 | D        | Noticed a death yak
   660 | D        | Reached skill level 15 in Polearms
   662 | D        | Killed a spiny frog
   663 | D        | Killed a spiny frog
   671 | D        | Killed a death yak
   671 | D        | Reached skill level 5 in Bows
   671 | D        | Reached XP level 10. HP: 96/96 MP: 10/10
   674 | D        | Received a gift from Trog
   681 | D        | Got an encrusted shortbow {god gift}
   682 | D        | Identified the +11 shortbow "Muicheynou" {velocity, rF+ Dex+4 Stlth+} (Trog gifted it to you in the Dungeon)
   817 | D        | Noticed a spiny frog
   817 | D        | Noticed a spiny frog
   817 | D        | Noticed a spiny frog
   820 | D        | Killed a spiny frog
   820 | D        | Reached skill level 16 in Polearms
   824 | D        | Killed a spiny frog
   828 | D        | Killed a spiny frog
   835 | D        | Received a gift from Trog
   911 | D        | Noticed Gastronok
   923 | D        | Killed Gastronok
   923 | D        | Received a gift from Trog
   923 | D        | Reached skill level 17 in Polearms
  1095 | D        | Received a gift from Trog
  1096 | D        | Noticed an ettin
  1097 | D        | Received a gift from Trog
  1107 | D        | Killed an ettin
  1107 | D        | Reached skill level 10 in Bows
  1107 | D        | Reached XP level 11. HP: 105/105 MP: 11/11
  1122 | D        | Received a gift from Trog
  1211 | D        | Noticed an orc sorcerer
  1215 | D        | Received a gift from Trog
  1229 | D        | Killed an orc sorcerer
  1236 | D        | Received a gift from Trog
  1239 | D        | Noticed an orc knight
  1245 | D        | Killed an orc knight
  1245 | D        | Reached skill level 18 in Polearms
  1245 | D        | Reached skill level 5 in Dodging
  1345 | D        | Found Ricuklua's Book Boutique.
  1345 | D        | Noticed an orc knight
  1345 | D        | Noticed an orc sorcerer
  1345 | D        | Noticed an orc sorcerer
  1345 | D        | Noticed an orc knight
  1347 | D        | Noticed a sixfirhy
  1347 | D        | Noticed an orc sorcerer
  1349 | D        | Killed an orc knight
  1349 | D        | Received a gift from Trog
  1351 | D        | Killed an orc sorcerer
  1356 | D        | Killed an orc sorcerer
  1356 | D        | Received a gift from Trog
  1361 | D        | Killed an orc knight
  1362 | D        | Killed an orc sorcerer
  1365 | D        | Found Kickoa's Weapon Shop.
  1374 | D        | Noticed an orc high priest
  1451 | D        | Noticed a sixfirhy
  1455 | D        | Noticed a soul eater
  1462 | D        | Killed an orc high priest
  1706 | D        | Found Mozxoica's Antique Weapon Boutique.
  1710 | D        | Found Tesunylo's Distillery.
  1713 | D        | Noticed an orc high priest
  1714 | D        | Noticed an orc high priest
  1717 | D        | Noticed an orc sorcerer
  1720 | D        | Noticed a soul eater
  1729 | D        | Killed an orc high priest
  1739 | D        | Killed an orc high priest
  1742 | D        | Killed an orc sorcerer
  1742 | D        | Received a gift from Trog
  1742 | D        | Reached skill level 19 in Polearms
  1798 | D        | Bought a bone arbalest for 228 gold pieces
  1800 | D        | Bought a potion of might for 44 gold pieces
  1800 | D        | Bought a potion of agility for 44 gold pieces
  1800 | D        | Bought a potion of might for 44 gold pieces
  1800 | D        | Bought a potion of heal wounds for 55 gold pieces
  1806 | D        | Identified the +5 arbalest of Fragile Peace {penet, rPois rN+ Int-5} (You bought it in a shop in the Dungeon)
  1834 | D        | Noticed Urug
  1845 | D        | Killed Urug
  1950 | D        | Noticed Maurice
  1962 | D        | Killed Maurice
  1962 | D        | Reached skill level 5 in Crossbows
  2114 | D        | Received a gift from Trog
  2114 | D        | Reached XP level 12. HP: 116/116 MP: 12/12
  2119 | D        | Noticed a tengu reaver
  2120 | D        | Received a gift from Trog
  2127 | D        | Noticed a tengu warrior
  2128 | D        | Noticed a centaur warrior
  2134 | D        | Killed a tengu reaver
  2134 | D        | Received a gift from Trog
  2134 | D        | Reached skill level 10 in Crossbows
  2145 | D        | Killed a tengu warrior
  2145 | D        | Received a gift from Trog
  2147 | D        | Killed a centaur warrior
  2147 | D        | Received a gift from Trog
  2150 | D        | Noticed a centaur warrior
  2154 | D        | Noticed a stone giant
  2155 | D        | Killed a stone giant
  2158 | D        | Noticed a yaktaur captain
  2164 | D        | Killed a centaur warrior
  2171 | D        | Killed a yaktaur captain
  2373 | D        | Noticed a ghost crab
  2373 | D        | Noticed an alligator
  2376 | D        | Killed an alligator
  2394 | D        | Killed a ghost crab
  2394 | D        | Received a gift from Trog
  2644 | D        | Received a gift from Trog
  2652 | D        | Received a gift from Trog
  2701 | D        | Noticed a nagaraja
  2701 | D        | Reached skill level 20 in Polearms
  2704 | D        | Received a gift from Trog
  2712 | D        | Received a gift from Trog
  2715 | D        | Reached XP level 13. HP: 110/125 MP: 13/13
  2720 | D        | Killed a nagaraja
  2724 | D        | Reached skill level 15 in Fighting
  2727 | D        | Received a gift from Trog
  2727 | D        | Reached skill level 15 in Crossbows
  3060 | D        | Received a gift from Trog
  3071 | D        | Received a gift from Trog
  3074 | D        | Received a gift from Trog
  3080 | D        | Received a gift from Trog
  3593 | D        | Noticed a purple very ugly thing
  3594 | D        | Noticed a fire dragon
  3601 | D        | Killed a purple very ugly thing
  3602 | D        | Reached skill level 21 in Polearms
  3603 | D        | Noticed a frost giant
  3614 | D        | Noticed a golden dragon
  3625 | D        | Received a gift from Trog
  3629 | D        | Received a gift from Trog
  3631 | D        | Killed a fire dragon
  3632 | D        | Killed a frost giant
  3632 | D        | Received a gift from Trog
  3638 | D        | HP: 5/128 [golden dragon (illusionary) (8)]
  3640 | D        | Noticed a shadow dragon
  3640 | D        | Mangled by a golden dragon (illusionary)

Vault maps used:
D:        linesprint

Skill      XL: |  1  2  3  4  5  6  7  8  9 10 11 12 13 |
---------------+----------------------------------------+-----
Polearms       | 4 6 9 11 12 14 15 17 19 20 21 | 21.2
Fighting       | 6 8 9 10 11 12 13 14 15 | 15.9
Armour         | 2 3 4 5 6 7 8 9 |  9.4
Dodging        | 3 4 5 |  5.0
Bows           | 5 10 12 | 12.6
Crossbows      | 7 14 15 | 15.8

Action                   |  1- 3 |  4- 6 |  7- 9 | 10-12 | 13-15 || total
-------------------------+-------+-------+-------+-------+-------++-------
Melee: Spear             |    30 |     1 |       |       |       ||    31
       Kick              |     5 |     4 |     8 |    55 |    10 ||    82
       Halberd           |       |    21 |    14 |       |       ||    35
       Glaive            |       |       |    34 |   246 |    52 ||   332
Invok: Berserk           |     1 |     2 |     2 |    10 |     2 ||    17
       Brothers in Arms  |       |       |       |     2 |     3 ||     5
       Trog's Hand       |       |       |       |     1 |       ||     1
  Use: Potion            |       |       |     1 |       |     2 ||     3
  Eat: Chunk             |       |       |     2 |    17 |     2 ||    21
       Ration            |       |       |       |       |     2 ||     2
Armor: Animal skin       |     7 |       |       |       |       ||     7
       Chain mail        |       |     4 |    13 |    25 |       ||    42
       Plate armour      |       |       |       |    60 |    27 ||    87
Dodge: Dodged            |    10 |     1 |     3 |    36 |    15 ||    65

Table legend:
 A = Spawn XP
 B = Non-spawn XP
 C = Spawn XP percentage of total XP
 D = Spawn monster count
 E = Non-spawn monster count
 F = Spawn count percentage of total count
 G = Total turns spent on level
                    A         B        C        D         E        F      G
               +---------+---------+-------+---------+---------+-------+---------
         Total |       0 |   51161 |   0.0 |       0 |     146 |   0.0 |  3640
               +---------+---------+-------+---------+---------+-------+---------
             D |       0 |   51161 |   0.0 |       0 |     146 |   0.0 |  3640
               +---------+---------+-------+---------+---------+-------+---------
